 Dungeon Crawl Stone Soup version 0.24.1-14-gf8d2b509d9 (webtiles) character file.

Game seed: 15278197253281172820, levelgen mode: deterministic

144 Peloso the Skirmisher (level 5, 0/41 HPs)
             Began as a Demonspawn Fighter on May 31, 2020.
             Slain by Grinder (3 damage)
             ... while paralysed by Grinder
             ... on level 4 of the Dungeon.
             The game lasted 00:03:06 (1302 turns).

Peloso the Skirmisher (Demonspawn Fighter)          Turns: 1302, Time: 00:03:06

Health: 0/41       AC: 12    Str: 17    XL:     5   Next: 5%
Magic:  5/5        EV:  2    Int: 10    God:
Gold:   76         SH:  0    Dex: 12    Spells: 4/4 levels left

rFire    . . .     SeeInvis .   a - +0 long sword
rCold    . . .     Gourm    .   c - +0 shield
rNeg     . . .     Faith    .   i - +0 plate armour
rPois    .         Spirit   .   (no helmet)
rElec    .         Reflect  .   g - +0 cloak
rCorr    .         Harm     .   (no gloves)
MR       .....                  (no boots)
Stlth    ..........             (no amulet)
HPRegen  0.13/turn              (no ring)
MPRegen  0.09/turn              (no ring)

@: paralysed
A: demonic guardian 1, foul stench 1, rot immunity
a: no special abilities


You were on level 4 of the Dungeon.
You were hungry.

You visited 1 branch of the dungeon, and saw 3 of its levels.

You collected 76 gold pieces.

Inventory:

Hand Weapons
 a - a +0 long sword (weapon)
Armour
 b - a +0 scale mail
 c - a +0 shield (worn)
 g - a +0 cloak (worn)
 i - a +0 plate armour (worn)
Potions
 d - a potion of might
Comestibles
 f - 3 rations


   Skills:
 + Level 3.5 Fighting
 + Level 3.1 Long Blades
 + Level 3.4 Armour
 + Level 0.6 Dodging
 + Level 0.1 Stealth
 + Level 3.3 Shields


You had 4 spell levels left.
You didn't know any spells.
Your spell library was empty.

Dungeon Overview and Level Annotations

Branches:
Dungeon (2/15)

Altars:

Annotations:
D:2 1 runed translucent door, Crazy Yiuf
D:4 Grinder


Innate Abilities, Weirdness & Mutations

A weak demonic guardian rushes to your aid.
You may emit foul miasma when damaged in melee.
You are immune to rotting.


Message History

A ball python comes into view.
Grinder gestures at you. You resist with significant effort.
Your quasit barely misses Grinder. x3
You hit Grinder.
Grinder is moderately wounded.
Your quasit disappears in a puff of smoke!
Grinder gestures at you.
You suddenly lose the ability to move!
Your iron imp hits Grinder!
Your iron imp disappears in a puff of smoke!
Grinder grins, showing sharp teeth.
Grinder hits you. Grinder hits you. Grinder hits you!
* * * LOW HITPOINT WARNING * * *
You writhe in agony.
* * * LOW HITPOINT WARNING * * *
Grinder hits you.
* * * LOW HITPOINT WARNING * * *
You writhe in agony.
You die...

#.# # #.#.# .###
##.#. ...... #...
..... ####..#
...#### .....#
..$....
#.###55###.......
#...@............
#..##.##.#...###. #.
#.##†........ #.
#.##§#...##.. #).
#.##.#...# ###.
#..#.##.#...# ....
#.......5...##..###.
#...................
#...................


You could see Grinder and a friendly shadow imp.

Vanquished Creatures
  Terence (D:2)
  An adder (D:2)
  2 oozes
  2 dart slugs (D:1)
  2 leopard geckos
  4 giant cockroaches
  6 goblins (D:1)
  4 hobgoblins (D:1)
  2 kobolds (D:1)
  3 bats (D:1)
  3 frilled lizards (D:1)
  4 rats
34 creatures vanquished.

Vanquished Creatures (collateral kills)
  A scorpion (D:4)
  A howler monkey (D:4)
  An adder (D:4)
  A worm (D:4)
4 creatures vanquished.

Grand Total: 38 creatures vanquished

Notes
Turn   | Place    | Note
-------+----------+-------------------------------------------
     0 | D:1      | Peloso the Demonspawn Fighter began the quest for the Orb.
     0 | D:1      | Reached XP level 1. HP: 18/18 MP: 1/1
   137 | D:1      | Gained mutation: You are immune to rotting. [demonic
                  | ancestry]
   137 | D:1      | Reached XP level 2. HP: 16/24 MP: 2/2
   559 | D:1      | Gained mutation: You may emit foul miasma when damaged in
                  | melee. [demonic ancestry]
   559 | D:1      | Reached XP level 3. HP: 27/29 MP: 3/3
  1023 | D:2      | Found a runed translucent door.
  1024 | D:2      | Noticed Crazy Yiuf
  1084 | D:2      | Noticed Terence
  1105 | D:2      | Killed Terence
  1105 | D:2      | Gained mutation: A weak demonic guardian rushes to your
                  | aid. [demonic ancestry]
  1105 | D:2      | Reached XP level 4. HP: 21/35 MP: 4/4
  1133 | D:2      | You fall into a shaft and drop 2 floors!
  1247 | D:4      | Noticed Grinder
  1262 | D:4      | Reached XP level 5. HP: 20/41 MP: 5/5
  1298 | D:4      | Paralysed by Grinder for 7 turns
  1302 | D:4      | Slain by Grinder

Levels and vault maps discovered:
D:1:      wander_arrival_chamber, layout_loops_ring, st_stairs_7,
          hangedman_abyss_or_decor_stabs, minmay_bisected
D:2:      layout_rooms, uniq_crazy_yiuf_cottage, uniq_robin, uniq_terence,
          uniq_sigmund
D:4:      layout_basic, lemuel_round_altar, serial_bayou_crossing, uniq_grinder,
          uniq_pikel

Skill      XL: |  1  2  3  4 |
---------------+-------------+-----
Armour         | 3 |  3.4
Long Blades    | 2 3 |  3.1
Shields        | 3 |  3.3
Fighting       | |  3.5
Dodging        | |  0.6
Stealth        | |  0.1

Action                   |  1- 3 |  4- 6 || total
-------------------------+-------+-------++-------
Melee: Long sword        |   102 |    27 ||   129
  Use: Potion            |     2 |     1 ||     3
       Scroll            |       |     1 ||     1
  Eat: Chunk             |       |     1 ||     1
Armor: Scale mail        |    30 |       ||    30
       Plate armour      |    27 |    26 ||    53
Dodge: Dodged            |    21 |     2 ||    23
Block: Shield            |    48 |     9 ||    57
       Rpst.: Long sword |    10 |     1 ||    11
